 Dungeon Sprint DCSS version 0.17-a0-1691-g18a3847 (webtiles) character file.

262 cmyster the Unseen (level 5, 0/28 HPs)
             Began as a Spriggan Assassin on Aug 20, 2015.
             Splashed by a jelly's acid (9 damage)
             ... in the Dungeon (Sprint I: "Red Sonja").
             The game lasted 00:01:54 (426 turns).

cmyster the Unseen (Spriggan Assassin)               Turns: 426, Time: 00:01:54

Health: 0/28       AC: -1    Str:  8    XL:     5   Next: 97%
Magic:  6/6        EV: 19    Int: 13    God:
Gold:   162        SH:  0    Dex: 17    Spells: 0 memorised, 4 levels left

rFire  . . .     SeeInvis +     a - +2 dagger
rCold  . . .     Clarity  .     c - +0 robe
rNeg   . . .     SustAt   .     (shield restricted)
rPois  .         Gourm    .     (helmet restricted)
rElec  .         Spirit   .     d - +0 cloak
rCorr  .         Warding  .     (gloves unavailable)
rMut   .         NoTele   +     (boots unavailable)
MR     .....                    (no amulet)
Stlth  +++++++...               (no ring)
                                (no ring)

@: corroded equipment, very quick, not resistant to hostile enchantments,
extremely stealthy
A: unfitting armour, see invisible, herbivore 3, speed 3, slow metabolism 2
a: no special abilities


You were in the Dungeon.
You were not hungry.

You visited 1 branch You collected 162 gold pieces.

Inventory:

Hand weapons
 a - a +2 dagger (weapon)
 b - a +0 blowgun
Missiles
 e - 8 poisoned needles
 i - a curare-tipped needle
Armour
 c - a +0 robe (worn)
 d - a +0 cloak (worn)
Magical devices
 f - a wand of enslavement (5)
Scrolls
 m - a scroll of blinking
Potions
 h - a potion of curing
 j - a potion of haste
 k - 2 potions of magic
 l - a potion of berserk rage
Comestibles
 g - a bread ration


   Skills:
 + Level 3.5 Fighting
 + Level 4.5 Short Blades
 + Level 4.9 Throwing
 + Level 4.3 Dodging
 + Level 15.4 Stealth


You had 4 spell levels left.
You didn't know any spells.

Dungeon Overview and Level Annotations

Branches:
Dungeon (1/1)

Altars:
Sif Muna
Vehumet


Innate Abilities, Weirdness & Mutations

You are tiny and cannot use many weapons and most armour.
You have supernaturally acute eyesight.
You are a herbivore.
You cover ground extremely quickly.
You need consume almost no food.


Message History

You see here a scale mail.
You see here 13 gold pieces.
There is a deep blue altar of Sif Muna here.
You hit the jelly.
Your hands burn!
The jelly is lightly wounded.
The jelly closely misses you.
You open the door. The jelly hits you but does no damage.
Found a chain mail.
You hit the jelly but do no damage.
Your hands burn!
The jelly is lightly wounded.
The jelly misses you.
You hit the jelly. The acid corrodes you!
Your hands burn!
The jelly is moderately wounded.
You hit the jelly.
Your hands burn!
The jelly is heavily wounded.
The jelly misses you.
You hit the jelly.
Your hands burn!
The jelly is heavily wounded.
The jelly hits you.
You are splashed with acid!
The acid burns!
You die...

################
#<.#..'..#..'..#
#..').#.)'..#..+
#..#####'#####'#
#..# #..# #[#
#..# #### ##$#
#..# #+#..+ #⌠⌠#
+..J@# ####
#_.#'# ##+#[#
###


You could see a jelly.

Vanquished Creatures
  Sigmund (D)
  An ogre (D)
  Ijyb (D)
3 creatures vanquished.

Vanquished Creatures (others)
  A gargoyle (D)
1 creature vanquished.

Grand Total: 4 creatures vanquished

Notes
Turn   | Place    | Note
--------------------------------------------------------------
     0 | D        | cmyster the Spriggan Assassin began the quest for the Orb.
     0 | D        | Reached XP level 1. HP: 10/10 MP: 2/2
     2 | D        | Noticed Ijyb
    19 | D        | Killed Ijyb
    19 | D        | Reached skill level 9 in Stealth
    19 | D        | Reached XP level 2. HP: 13/15 MP: 3/3
    63 | D        | Noticed an ogre
    66 | D        | Killed an ogre
    66 | D        | Reached skill level 12 in Stealth
    66 | D        | Reached XP level 3. HP: 17/19 MP: 4/4
    66 | D        | Reached XP level 4. HP: 20/23 MP: 5/5
   120 | D        | Noticed Sigmund
   164 | D        | Killed Sigmund
   164 | D        | Reached skill level 15 in Stealth
   164 | D        | Reached XP level 5. HP: 7/28 MP: 6/6
   293 | D        | Killed a gargoyle
   415 | D        | Found a deep blue altar of Sif Muna.
   416 | D        | Noticed a jelly
   417 | D        | Found a radiant altar of Vehumet.
   426 | D        | Splashed by a jelly's acid

Vault maps used:
D:        dungeon_sprint_1

Action                   |  1- 3 |  4- 6 || total
-------------------------+-------+-------++-------
Melee: Dagger            |     7 |     9 ||    16
 Fire: Blowgun           |     2 |     2 ||     4
  Use: Potion            |       |     1 ||     1
 Stab: Sleeping          |     1 |       ||     1
